 Dungeon Crawl Stone Soup version 0.27-a0-941-g386ccf399c (webtiles) character file.

Game seed: 597702631028505846

144 Essalna the Insei (level 5, -2/35 HPs)
             Began as an Octopode Transmuter on Apr 11, 2021.
             Killed from afar by Sigmund (7 damage)
             ... with a puff of flame
             ... on level 3 of the Dungeon.
             The game lasted 00:08:02 (3730 turns).

Essalna the Insei (Octopode Transmuter)             Turns: 3730, Time: 00:08:03

Health: -2/35      AC:  1    Str:  7 (9)  XL:     5   Next: 26%
Magic:  7/8        EV: 13    Int: 14 (16) God:
Gold:   73         SH:  0    Dex: 10 (13) Spells: 4/8 levels left

rFire    . . .     SeeInvis .     - Unarmed
rCold    . . .     Faith    .   (no shield)
rNeg     . . .     Spirit   .   (helmet currently unavailable)
rPois    .         Reflect  .   (no amulet)
rElec    .         Harm     .   (no ring)
rCorr    .         Rampage  .   (no ring)
Will     .....                  (no ring)
Stlth    ++........             (no ring)
HPRegen  0.11/turn              (no ring)
MPRegen  0.11/turn              (no ring)
                                (no ring)
                                (no ring)

@: appendages
A: tentacle spike 3, almost no armour, amphibious, 8 rings, camouflage 1,
gelatinous body 1, (nimble swimmer 1), tentacles
a: End Transformation


You were on level 3 of the Dungeon.
One of your tentacles had grown a beastly spike.
You visited 1 branch of the dungeon, and saw 3 of its levels.

You collected 159 gold pieces.
You spent 86 gold pieces at shops.

Inventory:

Scrolls
 f - a scroll of magic mapping {unknown}
Potions
 a - a potion of resistance
 c - 2 potions of brilliance


   Skills:
 + Level 2.5 Fighting
 - Level 2.0 Dodging
 + Level 3.9 Unarmed Combat
 - Level 2.0 Spellcasting
 + Level 3.2 Transmutations
 + Level 2.0 Poison Magic


You had 4 spell levels left.
You knew the following spells:

 Your Spells              Type           Power      Damage    Failure   Level
a - Beastly Appendage     Tmut           20%        N/A       6%          1
b - Spider Form           Tmut/Pois      4%         N/A       24%         3

Your spell library contained the following spells:

 Spells                   Type           Power      Damage    Failure   Level
 Wereblood                Tmut           10%        N/A       10%         2
 Confusing Touch          Hex            1%         N/A       56%         3
 Gell's Gravitas          Tloc           0%         N/A       56%         3
 Ice Form                 Ice/Tmut       5%         N/A       77%         4
 Petrify                  Tmut/Erth      5%         N/A       77%         4
 Hydra Form               Tmut           5%         N/A       86%         5
 Yara's Violent Unravell  Hex/Tmut       2%         3d3       98%         5
 Metabolic Englaciation   Hex/Ice        0%         N/A       100%        5


Dungeon Overview and Level Annotations

Branches:
Dungeon (3/15)

Altars:

Shops:
D:1 *

Annotations:
D:3 Sigmund


Innate Abilities, Weirdness & Mutations

One of your tentacles has grown a beastly spike.
You cannot wear most types of armour.
You are amphibious.
You can wear up to eight rings at the same time.
Your skin changes colour to match your surroundings (Stealth+).
Your rubbery body absorbs attacks. (AC +1, EV +1)
((You are camouflaged near water. (Stealth+)))
You have tentacles for arms and can constrict up to eight enemies at once.


Message History

No target in view!
No target in view!
Your transformation is almost over.
Your tentacle spike disappears.
Sigmund the Dreaded comes into view.
He is wielding a +4 scythe of protection.
Sigmund shouts!
Sigmund moves out of view.
Sigmund hits you from afar with a +4 scythe of protection.
Casting: Beastly Appendage (safe; 6% risk of failure)
Confirm with . or Enter, or press ? or * to list all spells.
One of your tentacles grows a vicious spike.
Sigmund completely misses you.
Sigmund hits you with a +4 scythe of protection!
You are too injured to fight recklessly!
You barely miss Sigmund. You grab Sigmund.
You pierce Sigmund.
Sigmund is lightly wounded.
You constrict Sigmund, but do no damage.
Sigmund misses you.
You tentacle-slap Sigmund.
You pierce Sigmund.
Sigmund is moderately wounded.
You constrict Sigmund, but do no damage.
Sigmund gestures at you while chanting. You resist with some effort.
You tentacle-slap Sigmund but do no damage.
You squeeze Sigmund!
Sigmund is severely wounded.
You constrict Sigmund, but do no damage.
Sigmund closely misses you.
You tentacle-slap Sigmund but do no damage.
Sigmund is severely wounded.
You constrict Sigmund, but do no damage.
Sigmund hits you with a +4 scythe of protection!
* * * LOW HITPOINT WARNING * * *
You tentacle-slap Sigmund but do no damage.
You squeeze Sigmund.
Sigmund is almost dead.
You constrict Sigmund, but do no damage.
Sigmund points at you and mumbles some strange words.
The puff of flame hits you!
You die...

....##.............
..#...............
#................ .
#................ ..
###...............
...#..#..............
..#....#.............
##....@#.####.#.....#
.......@.# #.#.....#
..######.####.#.######
........†.......
########........
.......'........
#########........
#.........###....
#.##.............
#.##...........[.


You could see Sigmund.

Vanquished Creatures
  An orc priest (D:3)
  4 adders
  2 dart slugs (D:1)
  4 orcs
  5 bats
  6 endoplasms
  3 giant cockroaches (D:1)
  5 goblins (D:1)
  8 hobgoblins
  2 jackals (D:1)
  6 kobolds
  2 quokkas
  6 ball pythons
  A frilled lizard (D:2)
  11 rats
66 creatures vanquished.

Notes
Turn   | Place    | Note
-------+----------+-------------------------------------------
     0 | D:1      | Essalna the Octopode Transmuter began the quest for the
                  | Orb.
     0 | D:1      | Reached XP level 1. HP: 13/13 MP: 3/3
   355 | D:1      | Reached XP level 2. HP: 18/18 MP: 3/5
   380 | D:1      | Found a faded altar of an unknown god.
   802 | D:1      | Reached XP level 3. HP: 22/24 MP: 6/6
   848 | D:1      | Learned a level 3 spell: Spider Form
  1533 | D:1      | Found Omawof's Assorted Antiques.
  1578 | D:1      | Bought a fuming golden potion for 20 gold pieces
  1578 | D:1      | Bought a metallic purple potion for 20 gold pieces
  1578 | D:1      | Bought 2 scrolls labelled OPNOV HOGA for 46 gold pieces
  2000 | D:3      | HP: 1/24 [orc priest/+0 dagger (5)]
  2003 | D:3      | Reached skill level 1 in Poison Magic
  2003 | D:3      | Reached XP level 4. HP: 1/29 MP: 5/7
  3016 | D:2      | Reached XP level 5. HP: 10/35 MP: 8/8
  3722 | D:3      | Noticed Sigmund
  3730 | D:3      | Killed from afar by Sigmund

Illustrated notes

Levels and vault maps discovered:
D:1:      ncdulo_halloftheorcs, layout_basic, serial_shops, shop_fountains,
          hellmonk_ecumenical_altar_slurped_away
D:2:      cheibrodos_pilgrimage, layout_basic, minmay_crystal_room
D:3:      cheibrodos_old_hovel, layout_basic, minmay_misc_feat_chi, uniq_sigmund

Skill      XL: |  1  2  3  4  5 |
---------------+----------------+-----
Fighting       | 2 |  2.5
Transmutations | 3 |  3.2
Poison Magic   | 1 2 |  2.0
Dodging        | |  2.0
Unarmed Combat | |  3.9
Spellcasting   | |  2.0

Action                   |  1- 3 |  4- 6 || total
-------------------------+-------+-------++-------
Melee: Unarmed           |    83 |    69 ||   152
       Constrict         |    27 |    16 ||    43
       Kick              |    21 |    10 ||    31
       Tentacles         |    16 |     6 ||    22
       Punch             |       |     1 ||     1
 Cast: Beastly Appendage |    25 |    10 ||    35
  Use: Scroll            |     5 |       ||     5
       Potion            |     1 |     4 ||     5
 Stab: Sleeping          |     7 |     4 ||    11
Armor: Skin              |     6 |     5 ||    11
Dodge: Dodged            |    53 |    53 ||   106

Table legend: (Time is in decaauts)
 A = Elapsed time spent in this place.
 B = Non-inter-level travel time spent in this place.
 C = Inter-level travel time spent in this place.
 D = Time resting spent in this place.
 E = Time spent auto-exploring this place.
 F = Levels seen in this place.
 G = Mean time per level.
                   A        B        C        D        E       F      G
               +--------+--------+--------+--------+--------+-----+--------+
         Total |   3722 |   3690 |     32 |    458 |   2668 |   3 | 1240.7 |
       Dungeon |   3722 |   3690 |     32 |    458 |   2668 |   3 | 1240.7 |
               +--------+--------+--------+--------+--------+-----+--------+

Top non-repeatable levels by time:
     D:1: 1727 daAuts
     D:2: 1500 daAuts
     D:3: 494 daAuts
